 Dungeon Crawl Stone Soup version 0.15-a0-1253-g15b4f57 (webtiles) character file.

1815 Psiweapon the Ducker (level 9, 0/56 HPs)
             Began as a Gargoyle Monk on June 4, 2014.
             Was an Elder of Dithmenos.
             Slain by an orc warrior
             ... wielding a +1,+1 long sword
              (11 damage)
             ... on Level 7 of the Dungeon.
             The game lasted 00:29:45 (6749 turns).

Psiweapon the Ducker (Gargoyle Monk)                Turns: 6749, Time: 00:29:45

HP   0/56        AC 11     Str 15      XL: 9   Next: 10%
MP  16/16        EV 19     Int 12      God: Dithmenos [****..]
Gold 196         SH  0     Dex 18      Spells:  0 memorised,  8 levels left

rFire  + . .     SeeInvis .       - Unarmed
rCold  . . .     Clarity  .     k - +2 robe "Yvemuu" {rF+ Curse}
rNeg   + . .     rCorr    .     (no shield)
rPois  +         rRot     +     (no helmet)
rElec  +         Spirit   .     Q - +0 cloak
SustAb .         Warding  .     e - +0 pair of gloves
rMut   .         Stasis   .     (no boots)
Gourm  .                        (no amulet)
MR     .....                    z - +2 ring of evasion
                                t - +4 ring of dexterity

@: wreathed by umbra, not resistant to hostile enchantments, fairly stealthy
A: life protection 1, electricity resistance, unbreathing, petrification
resistance, rot immunity, AC +5
a: Shadow Step, Renounce Religion


You were on level 7 of the Dungeon.
You worshipped Dithmenos.
Dithmenos was greatly pleased with you.
You were hungry.

You visited 1 branch of the dungeon, and saw 8 of its levels.

You collected 344 gold pieces.
You spent 148 gold pieces at shops.

Inventory:

Hand weapons
 d - a +1,+0 flail of draining
 A - a +1,+2 cutlass
 B - a +2,+0 dagger
 D - a +2,+2 dire flail
 L - a +5,+0 mace
 N - a +0,+0 shortbow
Missiles
 g - 22 sling bullets
 j - 21 stones
 m - 12 bolts
 q - 22 poisoned needles
 E - 2 javelins
 G - 11 tomahawks (quivered)
 O - 11 arrows
 V - a throwing net
Armour
 a - a +0 robe
 e - a +0 pair of gloves (worn)
 k - the +2 robe "Yvemuu" (worn) {rF+ Curse}
   (You bought it in a shop on level 6 of the Dungeon)

   It protects you from fire.
   It may recurse itself when equipped.
 I - a +0 robe
 Q - a +0 cloak (worn)
Magical devices
 u - a wand of random effects (8)
 H - a wand of frost (6) {unknown}
 P - a wand of polymorph (7)
 T - a wand of digging (16) {unknown}
Comestibles
 b - 3 bread rations
 c - 14 fruits
 f - 4 beef jerkies
 K - 2 meat rations
 R - 3 rotting chunks of gnoll flesh
Scrolls
 l - 3 scrolls of identify
 v - 3 scrolls of teleportation {unknown}
 w - 3 scrolls of remove curse
 x - a scroll of enchant weapon I {unknown}
 J - 3 scrolls of enchant weapon II {unknown}
 W - a scroll of magic mapping
 X - 2 scrolls of enchant armour {unknown}
 Y - a scroll of fog {unknown}
Jewellery
 n - an uncursed ring of positive energy
 t - a +4 ring of dexterity (left hand)
 y - a +3 ring of intelligence
 z - a +2 ring of evasion (right hand)
 C - an uncursed ring of flight
Potions
 h - 3 potions of curing
 i - 3 potions of agility
 o - a potion of restore abilities {unknown}
 p - a potion of mutation {unknown}
 r - 2 potions of poison {unknown}
 s - 2 potions of heal wounds
 F - a potion of magic {unknown}
 U - a potion of resistance {unknown}
Magical staves
 M - an uncursed staff of energy


   Skills:
 + Level 6.3 Fighting
 + Level 0.1 Short Blades
 + Level 3.1 Throwing
 + Level 6.6 Dodging
 + Level 4.1 Stealth
 - Level 5.1 Unarmed Combat
 * Level 4.7 Invocations
 + Level 0.4 Evocations


You had 8 spell levels left.
You didn't know any spells.

Dungeon Overview and Level Annotations

Branches:
Dungeon (8/15)             Temple (0/1) D:6
   Lair: D:8-11

Altars:
Cheibriados
Dithmenos
Kikubaaqudgha
Makhleb
Vehumet
Xom
Yredelemnul
Zin

Shops:
D:6 [

Annotations:
D:6 Dowan, Duvessa


Innate Abilities, Weirdness & Mutations

You are resistant to torment.
You are immune to poison.
Your stone body is very resilient (AC +5).
You resist negative energy.
You are resistant to electric shocks.
You can survive without breathing.
You are immune to petrification.
You are immune to rotting.


Message History

The orc warrior is moderately wounded.
You barely miss the orc warrior.
The orc warrior is moderately wounded.
The orc warrior misses you.
You barely miss the orc warrior.
The orc warrior is moderately wounded.
The orc warrior hits you with a long sword.
You barely miss the orc warrior.
The orc warrior is moderately wounded.
The orc warrior hits you with a long sword!
You closely miss the orc warrior.
The orc warrior is moderately wounded.
You barely miss the orc warrior.
The orc warrior is moderately wounded.
The orc warrior hits you with a long sword!
* * * LOW HITPOINT WARNING * * *
You hit the orc warrior. Your punch misses the orc warrior.
The orc warrior is heavily wounded.
The orc warrior hits you with a long sword!
You die...

. +....#
#......# .
##....#
######.#
#.....# #.#
#.....#
####.##
#.....#
#.....#
#######
#.##.##
#.####
#####.#
..o#@#
####.#o#
#...oo{#
.....##.###
. #. #. ..
##


You could see an orc warrior and an orc.

Vanquished Creatures
  Eustachio (D:4)
  Edmund (D:7)
  4 ogres
  A necrophage (D:6)
  A sky beast (D:6)
  A phantom (D:6)
  A centaur (D:5)
  A scorpion (D:4)
  4 crimson imps
  A gnoll sergeant (D:7)
  A hound (D:4)
  A quasit (D:7)
  A giant frog skeleton (D:4)
  An orc priest (D:4)
  6 orc wizards
  6 worker ants
  5 gnolls (D:7)
  3 adders
  A shadow imp (D:5)
  An inept feature mimic (D:5)
  2 worms
  2 oozes
  7 orcs
  17 bats
  15 giant cockroaches
  12 goblins
  12 hobgoblins
  6 jackals
  11 kobolds
  3 ball pythons
  6 giant geckos
  8 giant newts
  A giant spore (D:7)
  15 rats
  2 ballistomycetes (D:7)
161 creatures vanquished.

Notes
Turn   | Place    | Note
--------------------------------------------------------------
     0 | D:1      | Psiweapon, the Gargoyle Monk, began the quest for the Orb.
     0 | D:1      | Reached XP level 1. HP: 14/14 MP: 1/1
   177 | D:2      | Reached XP level 2. HP: 17/19 MP: 2/2
   313 | D:2      | Found a shadowy altar of Dithmenos.
   317 | D:2      | Became a worshipper of Dithmenos the Shadowed
   317 | D:2      | Acquired Dithmenos' first power
   493 | D:1      | Reached XP level 3. HP: 10/23 MP: 3/3
  1530 | D:2      | Reached XP level 4. HP: 29/29 MP: 4/4
  1773 | D:3      | Acquired Dithmenos' second power
  1805 | D:3      | Found a radiant altar of Vehumet.
  2038 | D:4      | Found an ancient bone altar of Kikubaaqudgha.
  2038 | D:4      | Noticed Eustachio
  2426 | D:4      | Reached skill level 5 in Unarmed Combat
  2446 | D:4      | Reached XP level 5. HP: 31/34 MP: 5/5
  2686 | D:4      | Killed Eustachio
  2686 | D:4      | Reached skill level 1 in Invocations
  2686 | D:4      | Reached XP level 6. HP: 10/40 MP: 5/7
  2923 | D:3      | Found a basalt altar of Yredelemnul.
  3223 | D:4      | Reached skill level 5 in Fighting
  3553 | D:4      | Reached XP level 7. HP: 37/44 MP: 9/9
  3576 | D:4      | Noticed an ogre
  3585 | D:4      | Killed an ogre
  4150 | D:4      | Found a shimmering altar of Xom.
  4214 | D:5      | Entered Level 5 of the Dungeon
  4227 | D:5      | Found a burning altar of Makhleb.
  4393 | D:5      | Reached skill level 5 in Dodging
  4896 | D:6      | Reached XP level 8. HP: 48/50 MP: 11/11
  5143 | D:6      | Noticed Duvessa
  5143 | D:6      | Noticed Dowan
  5261 | D:6      | Found a staircase to the Ecumenical Temple.
  5421 | D:7      | Found a glowing silver altar of Zin.
  5447 | D:7      | Acquired Dithmenos' third power
  5499 | D:6      | Found Bumosa's Antique Armour Shop.
  5706 | D:6      | Found a snail-covered altar of Cheibriados.
  5742 | D:6      | Reached skill level 1 in Throwing
  5804 | D:6      | Reached skill level 6 in Dodging
  6216 | D:6      | Bought a shimmering robe for 148 gold pieces
  6221 | D:6      | Identified the +2 robe "Yvemuu" {rF+ Curse} (You bought it in a shop on level 6 of the Dungeon)
  6313 | D:7      | Noticed Edmund
  6330 | D:7      | Killed Edmund
  6330 | D:7      | Reached XP level 9. HP: 47/55 MP: 16/16
  6749 | D:7      | Slain by an orc warrior

Action                   |  1- 3 |  4- 6 |  7- 9 || total
-------------------------+-------+-------+-------++-------
Melee: Unarmed           |   169 |   200 |   539 ||   908
       Dagger            |       |    32 |       ||    32
       Flail             |       |       |    16 ||    16
Throw: Tomahawk          |       |       |    42 ||    42
Evoke: Wand              |       |     2 |     3 ||     5
  Use: Scroll            |       |     5 |     2 ||     7
       Potion            |       |     3 |     3 ||     6
 Stab: Sleeping          |     2 |     4 |     7 ||    13
       Distracted        |       |       |     1 ||     1
